 Dungeon Crawl Stone Soup version 0.25.1-8-g42b30a86e7 (webtiles) character file.

Game seed: 11870412931750756393

1531731 lawnmower the Slayer (level 27, 245/245 HPs)
             Began as a Mummy Wizard on Dec 22, 2020.
             Was the Champion of Ru.
             Escaped with the Orb
             ... and 4 runes on Dec 25, 2020!
             The game lasted 11:02:09 (183033 turns).

lawnmower the Slayer (Mummy Wizard)               Turns: 183033, Time: 11:02:10

Health: 245/245    AC: 33    Str: 13    XL:     27
Magic:  44/44      EV: 18    Int: 36    God:    Ru [******]
Gold:   2979       SH:  0    Dex: 14    Spells: 5/60 levels left

rFire    + + .     SeeInvis +   a - +9 demon trident (elec)
rCold    . . .     Gourm    .   (shield unavailable)
rNeg     + + +     Faith    .   d - +8 fire dragon scales
rPois    ∞         Spirit   .   g - +1 helmet {Int+3}
rElec    +         Reflect  .   f - +2 cloak {rCorr}
rCorr    +         Harm     .   o - +1 pair of gloves {Dex+3}
MR       +++++                  c - +0 pair of boots
Stlth    ..........             u - amulet of Amiro {rF+ MR+ Regen+ Int+8 SInv}
HPRegen  0.90/turn              (ring unavailable)
MPRegen  0.29/turn              F - ring of Vizorutt {rElec MR+}

@: no status effects
A: no food or potions, fire vulnerability, cold resistance 1, negative energy
resistance 3, torment resistance, weak 1, unbreathing, missing a hand, no
stealth, cowardly, unskilled 1, in touch with death 2
0: Orb of Zot
}: 4/15 runes: barnacled, slimy, silver, gossamer
a: Draw Out Power, Power Leap, Apocalypse, Renounce Religion


You escaped.
You worshipped Ru.
Ru was exalted by your worship.
You were not hungry.

You visited 12 branches of the dungeon, and saw 58 of its levels.
You visited 1 bazaar.
You also visited: Wizlab.

You collected 9015 gold pieces.
You spent 6036 gold pieces at shops.

Inventory:

Hand Weapons
 a - a +9 demon trident of electrocution (weapon)
 N - the +9 hand crossbow "Yfosouv" {vorpal, rPois rC+ Str+5 Int-4}
   (You took it off a red devil on level 2 of the Depths)

   Any bolt fired from it inflicts extra damage.
   It affects your strength (+5).
   It affects your intelligence (-4).
   It protects you from cold.
   It protects you from poison.
Missiles
 m - 25 throwing nets {!f}
 A - 19 curare-tipped darts
 S - 12 silver javelins (quivered)
Armour
 c - a +0 pair of boots (worn)
 d - +8 fire dragon scales (worn)
 f - a +2 cloak of preservation (worn)
 g - a +1 helmet of intelligence (worn)
 o - a +1 pair of gloves of dexterity (worn)
 B - a scarf of repulsion
Magical Staves
 b - an uncursed staff of death
 Z - an uncursed staff of wizardry
Jewellery
 k - the ring of Understanding {+Blink rF+ Slay+3 SInv}
   (You took it off a deep elf high priest on level 3 of the Elven Halls)

   [ring of see invisible]

   It affects your accuracy and damage with ranged weapons and melee attacks
   (+3).
   It protects you from fire.
   It lets you see invisible.
   It lets you blink.
 r - an uncursed ring of protection from cold
 s - an uncursed ring of flight
 u - the amulet of Amiro (around neck) {rF+ MR+ Regen+ Int+8 SInv}
   (You bought it in a shop in a bazaar)

   [amulet of regeneration]

   It affects your intelligence (+8).
   It protects you from fire.
   It affects your resistance to hostile enchantments.
   It lets you see invisible.
   It increases your rate of regeneration.
 F - the ring of Vizorutt (right hand) {rElec MR+}
   (You took it off a deep elf sorcerer on level 3 of the Elven Halls)

   [ring of protection from magic]

   It insulates you from electricity.
   It affects your resistance to hostile enchantments.
Wands
 h - a wand of polymorph (36)
 x - a wand of paralysis (19)
 z - a wand of clouds (12)
 C - a wand of acid (14)
 E - a wand of digging (36)
 M - a wand of iceblast (90)
 P - a wand of disintegration (18)
Scrolls
 e - 21 scrolls of teleportation
 i - 4 scrolls of magic mapping
 l - a scroll of summoning
 n - 3 scrolls of noise
 p - 2 scrolls of blinking
 q - 11 scrolls of fear
 v - 2 scrolls of torment
 w - 32 scrolls of remove curse
 y - 9 scrolls of vulnerability
 H - a scroll of silence
 J - 6 scrolls of fog
 O - 37 scrolls of identify
Miscellaneous
 j - 7 boxes of beasts
 I - 8 phantom mirrors
 K - a phial of floods
 X - a tin of tremorstones (3/3)
 Y - a lightning rod (4/4)


   Skills:
 + Level 26.1 Fighting
 - Level 14.0 Polearms
 - Level 17.1 Armour
 - Level 17.0 Dodging
 - Level 17.0 Spellcasting
 - Level 8.0 Conjurations
 + Level 11.5 Summonings
 - Level 8.0 Necromancy
 - Level 6.0 Translocations
 - Level 8.0 Transmutations
 - Level 3.0 Fire Magic
   Level 5.0 Ice Magic
 - Level 2.0 Air Magic
 - Level 7.0 Earth Magic
 - Level 5.0 Poison Magic


You had 5 spell levels left.
You knew the following spells:

 Your Spells              Type           Power        Failure   Level  Hunger
a - Irradiate             Conj/Tmut      ######....   3%          5    N/A
b - Blink                 Tloc           N/A          1%          2    N/A
c - Borgnjor's Vile Clut  Necr/Erth      ########..   4%          5    N/A
d - Mephitic Cloud        Conj/Pois/Air  ######..     1%          3    N/A
e - Summon Lightning Spi  Summ/Air       ######..     2%          4    N/A
f - Animate Skeleton      Necr           N/A          1%          1    N/A
g - Apportation           Tloc           ######       1%          1    N/A
h - Poisonous Vapours     Pois/Air       ######       1%          2    N/A
i - Ignite Poison         Fire/Tmut/Pois ######..     1%          3    N/A
j - Olgreb's Toxic Radia  Pois           ######..     4%          4    N/A
k - Swiftness             Chrm/Air       #####...     3%          2    N/A
l - Summon Butterflies    Summ           #######.     1%          1    N/A
m - Petrify               Tmut/Erth      ######..     1%          4    N/A
n - Lee's Rapid Deconstr  Erth           ######....   6%          5    N/A
o - Passwall              Tmut/Erth      ######..     1%          2    N/A
p - Summon Forest         Summ/Tloc      #######...   2%          5    N/A
q - Shadow Creatures      Summ           N/A          4%          6    N/A

Your spell library contained the following spells:

 Spells                   Type           Power        Failure   Level  Hunger
 Foxfire                  Conj/Fire      ####         1%          1    N/A
 Freeze                   Ice            ####         1%          1    N/A
 Magic Dart               Conj           ####         1%          1    N/A
 Sandblast                Erth           ######       1%          1    N/A
 Sting                    Tmut/Pois      ####         1%          1    N/A
 Summon Small Mammal      Summ           ####         1%          1    N/A
 Call Imp                 Summ           #######.     1%          2    N/A
 Corpse Rot               Necr/Air       N/A          1%          2    N/A
 Ensorcelled Hibernation  Hex/Ice        #####.       1%          2    N/A
 Searing Ray              Conj           ######       1%          2    N/A
 Shroud of Golubria       Chrm/Tloc      ######       1%          2    N/A
 Sticks to Snakes         Tmut           ######..     1%          2    N/A
 Call Canine Familiar     Summ           #######.     1%          3    N/A
 Conjure Flame            Conj/Fire      ######..     1%          3    N/A
 Frozen Ramparts          Ice            ######       1%          3    N/A
 Gell's Gravitas          Tloc           ######....   1%          3    N/A
 Lesser Beckoning         Tloc           ######....   1%          3    N/A
 Static Discharge         Conj/Air       ######..     1%          3    N/A
 Stone Arrow              Conj/Erth      ######       1%          3    N/A
 Summon Guardian Golem    Hex/Summ       ######..     1%          3    N/A
 Iskenderun's Mystic Bla  Conj/Tloc      ######..     1%          4    N/A
 Summon Ice Beast         Ice/Summ       ######..     1%          4    N/A
 Dazzling Flash           Conj/Hex       ######       2%          3    N/A
 Hailstorm                Conj/Ice       ######..     2%          4    N/A
 Corona                   Hex            ####...      3%          1    N/A
 Infusion                 Chrm           ####         3%          1    N/A
 Portal Projectile        Hex/Tloc       ######       3%          3    N/A
 Ozocubu's Armour         Chrm/Ice       #####...     4%          3    N/A
 Slow                     Hex            ####....     5%          2    N/A
 Song of Slaying          Chrm           ####....     5%          2    N/A
 Inner Flame              Hex/Fire       #####...     6%          3    N/A
 Fulminant Prism          Conj/Hex       ######....   7%          4    N/A
 Alistair's Intoxication  Tmut/Pois      ######..     7%          5    N/A
 Leda's Liquefaction      Hex/Erth       ######....   9%          4    N/A
 Bolt of Magma            Conj/Fire/Erth ######....   9%          5    N/A
 Confusing Touch          Hex            ####....     11%         3    N/A
 Spectral Weapon          Hex/Chrm       ####....     11%         3    N/A
 Tukima's Dance           Hex            ####....     11%         3    N/A
 Lightning Bolt           Conj/Air       ######....   13%         5    N/A
 Iskenderun's Battlesphe  Conj/Chrm      ######..     21%         5    N/A
 Yara's Violent Unravell  Hex/Tmut       ######....   21%         5    N/A
 Cause Fear               Hex            ####......   36%         4    N/A
 Metabolic Englaciation   Hex/Ice        #####.....   36%         5    N/A
 Silence                  Hex/Air        #####.....   56%         5    N/A
 Iron Shot                Conj/Erth      ######....   26%         6    N/A
 Summon Hydra             Summ           #######...   28%         7    N/A
 Eringya's Noxious Bog    Tmut/Pois      ######....   36%         6    N/A
 Simulacrum               Ice/Necr       ########..   36%         6    N/A
 Dispersal                Tloc           ######....   43%         6    N/A
 Spellforged Servitor     Conj/Summ      #######...   50%         7    N/A
 Conjure Ball Lightning   Conj/Air       ######....   58%         6    N/A
 Orb of Destruction       Conj           ######....   75%         7    N/A
 Darkness                 Hex            ####......   99%         6    N/A
 Invisibility             Hex            ####....     99%         6    N/A
 Discord                  Hex            ####......   100%        8    N/A
 Ignition                 Fire           ######....   100%        8    N/A
 Dragon's Call            Summ           #######...   100%        9    N/A
 Shatter                  Erth           ######....   100%        9    N/A
 Tornado                  Air            #####.....   100%        9    N/A
 Beastly Appendage        Tmut           Unusable     N/A         1    N/A
 Spider Form              Tmut/Pois      Unusable     N/A         3    N/A
 Ice Form                 Ice/Tmut       Unusable     N/A         4    N/A
 Passage of Golubria      Tloc           Unusable     N/A         4    N/A
 Blade Hands              Tmut           Unusable     N/A         5    N/A
 Hydra Form               Tmut           Unusable     N/A         6    N/A
 Statue Form              Tmut/Erth      Unusable     N/A         6    N/A
 Dragon Form              Tmut           Unusable     N/A         7    N/A

Dungeon Overview and Level Annotations

Branches:
Dungeon (15/15)            Temple (1/1) D:5            Lair (6/6) D:10
 Shoals (4/4) Lair:3       Spider (4/4) Lair:4        Slime (5/5) Lair:6
    Orc (2/2) D:10            Elf (3/3) Orc:2        Vaults (5/5) D:13
  Crypt (3/3) Vaults:2       Tomb (0/3) Crypt:3      Depths (5/5) D:15
    Zot (5/5) Depths:5     WizLab (visited)

Altars:
Ashenzari
Cheibriados
Dithmenos
Elyvilon
Fedhas
Gozag
Hepliaklqana
Kikubaaqudgha
Makhleb
Nemelex Xobeh
Okawaru
Qazlal
Ru
Sif Muna
Trog
Uskayaw
Vehumet
Wu Jian
Xom
Yredelemnul
Zin
The Shining One
Beogh
Jiyva

Shops:
D:10 [   Orc:2 [((?   Elf:1 ?   Elf:2 [   Vaults:2 (   Vaults:3 }
Depths:4 ::[}   Depths:5 ?

Portals:
Hell: Depths:1 Depths:2 Depths:3 Depths:4 Depths:5
Abyss: Depths:4
Pandemonium: Depths:3
Ziggurat: Depths:4

Annotations:
D:13 2 transporters, Liimbo's ghost, journeyman FoWn
D:14 Roxanne


Innate Abilities, Weirdness & Mutations

You do not eat or drink.
Your flesh is vulnerable to fire.
You are immune to poison.
Your flesh is cold resistant. (rC+)
You are immune to negative energy. (rN+++)
You are immune to unholy pain and torment.
You are weak. (Str -2)
You can survive without breathing.
You are missing a hand.
You cannot be stealthy.
Your cowardice makes you less effective in combat with threatening monsters.
You are somewhat unskilled. (-1 Apt)
You are strongly in touch with the powers of death.


Message History

You climb upwards.
There is a stone staircase leading down here.
Things that are here:
a +0 robe; a +0 dagger
There is a stone staircase leading up here.
You climb upwards.
There is a stone staircase leading down here.
There is an open door here.
There is a stone staircase leading up here.
Your magical contamination has completely faded away.
You climb upwards.
There is a stone staircase leading down here.
Evoke which item? (* to show all) (? for menu, Esc to quit)
Aiming: Dig
Press: ? - help, Shift-Dir - straight line A rock wall.
This square is covered in magical glow.
The rock shatters into small pieces.
There is a staircase leading out of the dungeon here.
You have escaped!

.#.############..###........#
#.#
>..................'........#
#.#
######.###.###...###........#
#.# .....#.# #.# #...#
########.###.# .....#.#
#.###)..# #..##.# ######.#
#.......###########.##.#
.......#
#####.###P#P#P#P#P#.##..
.....#.# #................#.#
.....#.# ###@..PP.......#.#..
.....#.# #........%.....#..
.....### #####P#P#P#P#P#.....
.....# #...##.##########...
.....#########...# #.# #...
.................# #.#
####... .................# ##
#...... .................#
#...... ......†..........#
#......


There were no monsters in sight!

Vanquished Creatures
  the Royal Jelly (Slime:5)
  Dissolution (Slime:3)
  7 ancient liches
  4 orbs of fire (Zot:5)
  A juggernaut (Depths:5)
  5 Killer Klowns
  Saint Roka (Elf:3)
  3 caustic shrikes (Depths:5)
  6 curse toes
  9 golden dragons
  A profane servitor (Depths:1)
  4 electric golems
  20 tentacled monstrosities
  6 liches
  Asterion (Lair:4)
  A deep elf blademaster (Elf:2)
  2 deep elf master archers (Elf:3)
  10 quicksilver dragons
  26 Orb Guardians
  15 death cobs
  4 titans (Vaults:5)
  2 Executioners
  A kraken (Shoals:2)
  15 acid blobs
  5 sphinxes
  Agnes (Spider:3)
  16 shadow dragons
  13 ancient champions
  Donald (Elf:1)
  21 storm dragons
  14 azure jellies
  7 draconian monks
  10 fire giants
  3 revenants
  10 tengu reavers
  3 draconian knights (Zot:2)
  8 frost giants
  An iron dragon (Vaults:5)
  2 orc warlords
  6 draconian stormcallers
  7 draconian scorchers
  8 deep elf sorcerers
  6 ghost moths
  17 vault wardens
  A balrug (Depths:2)
  4 curse skulls (Crypt:2)
  5 deep elf elementalists
  A spriggan defender (Depths:4)
  7 draconian annihilators
  6 ghouls
  3 emperor scorpions
  4 draconian shifters
  16 ironheart preservers
  A caustic shrike skeleton (Crypt:2)
  The ghost of Destapler the Fighter, a journeyman TrBe of Trog (Orc:2)
  8 very ugly things
  2 war gargoyles
  2 reapers
  14 stone giants
  4 entropy weavers
  7 vampire knights
  16 deep elf demonologists
  14 green draconians
  12 black draconians
  7 red draconians
  10 deep elf annihilators
  7 white draconians
  8 spark wasps
  10 purple draconians
  10 yellow draconians
  10 deep elf death magi
  2 merfolk javelineers
  5 eidola (Crypt:2)
  2 blizzard demons
  15 ettins
  7 death oozes
  6 fire dragons
  2 pearl dragon zombies (Depths:1)
  8 deep elf high priests
  6 merfolk impalers
  2 jiangshi
  16 yaktaur captains
  2 rakshasas
  39 vault guards
  7 great orbs of eyes
  9 hydras
  5 death knights
  3 merfolk avatars
  6 ice dragons
  An alligator snapping turtle (Shoals:4)
  2 spriggan air magi
  A catoblepas (Lair:2)
  9 merfolk aquamancers (Shoals:4)
  30 two-headed ogres
  22 dancing weapons
  A satyr (shapeshifter) (Vaults:3)
  16 tengu warriors
  14 centaur warriors
  7 vampire magi
  7 deep troll earth magi
  11 deep troll shamans
  10 ogre magi
  3 hell hogs (Depths:1)
  4 death yaks
  2 orc high priests (Orc:2)
  12 spriggan berserkers
  11 hell knights
  4 soul eaters
  2 sun demons
  27 deep elf knights
  4 iron trolls
  A shadow wraith (Vaults:4)
  A quicksilver dragon simulacrum (Depths:2)
  A glowing orange brain (Depths:2)
  2 storm dragon skeletons
  A torturous demonspawn (Depths:3)
  24 deep trolls
  An unseen horror (Vaults:1)
  3 sea snakes
  36 skeletal warriors
  5 wizards
  8 flayed ghosts
  A death drake (shapeshifter) (Vaults:2)
  21 ironbrand convokers
  A lindwurm (Lair:5)
  A shadow dragon zombie (Crypt:3)
  19 deep elf archers
  5 phantasmal warriors
  7 necromancers
  2 golden dragon skeletons
  12 orc knights
  85 deep elf magi
  16 ugly things
  10 harpies
  The ghost of Destapler the Poker, a novice MfVM of Makhleb (D:6)
  20 orb spiders
  48 wolf spiders
  6 shining eyes
  5 fauns
  6 orc sorcerers
  2 stone giant zombies
  6 oklob plants
  10 cyclopes
  6 manticores
  A salamander (Depths:3)
  A manticore (shapeshifter) (Depths:5)
  40 moths of wrath
  3 apis skeletons (Depths:1)
  2 merfolk sirens
  A centaur zombie (D:14)
  A fire giant skeleton (Crypt:1)
  12 elephants
  A stone giant skeleton (Crypt:3)
  Maurice (D:9)
  An ice statue (Depths:2)
  5 black mambas
  2 frost giant skeletons
  9 rust devils
  A molten gargoyle (Lair:5)
  2 torpor snails (Spider:3)
  5 water nymphs
  A smoke demon (Zot:5)
  3 centaur skeletons
  A dire elephant skeleton (Crypt:3)
  12 vault sentinels
  An orange demon (D:13)
  A yaktaur zombie (Vaults:3)
  3 eyes of devastation
  5 spectral swamp worms (Depths:3)
  4 spiny frogs
  6 komodo dragons
  2 kobold demonologists
  2 efreet (Depths:2)
  2 hellwings
  5 demonic crawlers
  A komodo dragon (shapeshifter) (Vaults:3)
  52 yaktaurs
  3 human skeletons
  10 freezing wraiths
  5 guardian mummies (Crypt:3)
  A hydra zombie (Crypt:1)
  A swamp worm zombie (Crypt:1)
  2 red devils
  4 trolls
  3 tengu conjurers
  9 hornets
  A meliai (shapeshifter) (Vaults:2)
  3 meliai (Spider:4)
  11 merfolk
  A troll (shapeshifter) (D:15)
  2 harpy zombies (Shoals:2)
  32 jumping spiders
  A wind drake (Shoals:4)
  A harpy skeleton (Crypt:3)
  2 bog bodies (Crypt:1)
  A raiju (shapeshifter) (Depths:2)
  A slime creature (shapeshifter) (Vaults:2)
  7 blink frogs (Lair:6)
  11 hippogriffs
  4 snapping turtles
  5 nameless horrors
  63 slime creatures
  2 dream sheep (shapeshifter)
  9 flying skulls
  5 shadows
  5 vampires
  2 air elementals
  39 tarantellas
  3 spriggans
  81 redbacks
  45 yaks
  3 basilisks
  9 water elementals
  A fire bat (shapeshifter) (Depths:2)
  A hog (shapeshifter) (Vaults:1)
  6 wraiths
  5 wyverns
  8 humans (D:13)
  Eustachio (D:4)
  3 fire bats (Depths:3)
  6 golden eyes
  8 fire elementals
  3 steam dragons
  A yaktaur simulacrum (Vaults:2)
  A vampire mosquito (D:9)
  An infernal demonspawn zombie (Crypt:3)
  2 large abominations
  A soldier ant (shapeshifter) (D:13)
  An acid dragon (D:13)
  A warg (Vaults:5)
  2 two-headed ogre zombies (WizLab)
  A soldier ant (D:9)
  4 water moccasins
  11 porcupines
  3 hell hounds
  A spiny frog zombie (Crypt:1)
  3 sky beasts
  A water nymph skeleton (Crypt:2)
  5 eyes of draining
  A swamp dragon zombie (Crypt:3)
  41 orc warriors
  A black bear (D:10)
  A black mamba simulacrum (Crypt:3)
  2 ice beasts
  2 ettin simulacra (Depths:2)
  4 boggarts (Depths:4)
  3 phantoms
  9 wolves (Lair:6)
  25 ogres
  10 crocodiles
  12 centaurs
  A big kobold (D:12)
  A human zombie (Vaults:3)
  A komodo dragon zombie (Crypt:2)
  An earth elemental (Elf:1)
  A hippogriff zombie (Shoals:2)
  A draconian skeleton (Crypt:1)
  12 bullfrogs
  A salamander skeleton (Crypt:1)
  A warg zombie (Crypt:2)
  7 scorpions
  8 troll zombies (WizLab)
  A troll skeleton (Crypt:2)
  A killer bee (shapeshifter) (Depths:4)
  16 killer bees
  A howler monkey (D:10)
  8 wights
  2 electric eels (Spider:3)
  A vampire bat (Orc:2)
  3 lava snakes (Lair:6)
  A wolf skeleton (Crypt:2)
  5 crimson imps
  22 orc priests
  8 hounds
  2 jellies
  Natasha (D:3)
  3 iguanas
  29 orc wizards
  11 worker ants
  5 ogre zombies (WizLab)
  A deep dwarf zombie (Crypt:1)
  A big kobold skeleton (Crypt:1)
  3 hound skeletons
  7 mummies (Crypt:3)
  A howler monkey zombie (D:5)
  A gnoll (D:8)
  4 adders
  5 shadow imps
  3 adder zombies
  6 adder skeletons
  A dart slug (D:2)
  2 leopard geckos (D:10)
  112 orcs
  A ball python (D:2)
  2 giant cockroaches
  6 goblins
  7 hobgoblins
  2 jackals (D:5)
  3 quokkas
  A ball python skeleton (D:4)
  14 bats
  4 frilled lizards
  A gnoll zombie (D:9)
  18 kobolds
  A leopard gecko skeleton (D:8)
  A quokka skeleton (Crypt:3)
  9 rats
  7 fungi
  9 plants
  A tentacle (Shoals:2)
2367 creatures vanquished.

Vanquished Creatures (collateral kills)
  A golden dragon (Zot:3)
  The ghost of Zoalos the Devastator, a veteran GrEE of Lugonu (Crypt:2)
  Arachne (Spider:4)
  A lich (Vaults:5)
  A tentacled monstrosity (Vaults:2)
  A titan (Vaults:5)
  2 quicksilver dragons
  2 death cobs
  The ghost of DildoBatman the Earth Mage, an adept FoWz of Gozag (Spider:3)
  A tengu reaver (Depths:2)
  2 revenants (Crypt:1)
  A ghost moth (Spider:3)
  An emperor scorpion (Spider:2)
  3 vault wardens
  4 ironheart preservers
  An entropy weaver (Vaults:2)
  A yellow draconian (Zot:1)
  Azrael (D:12)
  4 eidola
  A deep elf death mage (Vaults:1)
  8 fire dragons
  A merfolk javelineer (Shoals:4)
  A merfolk impaler (Shoals:4)
  An ettin (Vaults:3)
  A deep elf high priest (Depths:2)
  Josephine (D:11)
  5 great orbs of eyes
  A jiangshi (Crypt:1)
  A rakshasa (Vaults:1)
  A yaktaur captain (Vaults:4)
  5 hydras
  A vault guard (D:13)
  2 alligator snapping turtles
  A spriggan air mage (Depths:5)
  5 ice dragons
  2 tengu warriors
  2 merfolk aquamancers
  A two-headed ogre (D:10)
  2 merfolk avatars (Shoals:4)
  A dancing weapon (Elf:2)
  A sun demon (Depths:2)
  4 hell knights
  A shadow wraith (Vaults:1)
  A deep elf knight (Vaults:1)
  6 skeletal warriors
  10 sea snakes
  A deep troll (Vaults:3)
  3 flayed ghosts
  A lindwurm (Lair:6)
  11 harpies
  A necromancer (D:13)
  A phantasmal warrior (Crypt:2)
  An orc knight (D:15)
  19 ugly things
  2 orb spiders
  A cyclops (D:15)
  7 manticores
  4 centaur zombies
  An elephant (Lair:3)
  A frost giant zombie (Crypt:2)
  A moth of wrath (Zot:1)
  2 merfolk sirens (Shoals:2)
  A guardian serpent (shapeshifter) (D:13)
  3 black mambas
  7 spiny frogs
  2 molten gargoyles (Lair:5)
  An alligator snapping turtle zombie (Crypt:2)
  A centaur skeleton (D:11)
  A gargoyle (D:13)
  2 orange demons (D:13)
  A kobold demonologist (D:12)
  8 demonic crawlers
  2 yaktaurs (Depths:1)
  A rime drake (Lair:6)
  A freezing wraith (Crypt:1)
  3 komodo dragons
  A red devil (Depths:2)
  A harpy zombie (Shoals:2)
  16 merfolk
  3 jumping spiders
  2 trolls
  A hornet (Spider:3)
  A wind drake (Shoals:2)
  A blink frog (Lair:6)
  An ettin zombie (Crypt:1)
  3 hippogriffs
  9 slime creatures
  5 snapping turtles
  A flying skull (Crypt:1)
  3 redbacks
  7 water elementals
  A vampire (WizLab)
  9 wraiths
  2 wyverns (Lair:6)
  12 yaks
  6 humans (D:13)
  2 nameless horrors
  A steam dragon (Lair:6)
  A fire elemental (D:12)
  A basilisk (Lair:6)
  A hungry ghost (D:15)
  7 water moccasins
  2 wargs
  A soldier ant (D:9)
  A spiny frog zombie (Crypt:2)
  6 hell hounds
  An orc warrior (Vaults:2)
  3 ice beasts
  A boggart (Depths:5)
  4 ogres
  A phantom (D:8)
  A necrophage (D:10)
  3 crocodiles
  4 centaurs
  6 bullfrogs
  A big kobold (D:8)
  A hippogriff zombie (Shoals:2)
  A wyvern zombie (D:8)
  4 wights
  3 howler monkeys
  7 crimson imps
  A bullfrog zombie (D:12)
  A human simulacrum (Vaults:3)
  2 lava snakes (Lair:6)
  2 quasits (D:9)
  An orc priest (Orc:2)
  4 hounds
  A jelly (D:8)
  A bullfrog skeleton (D:4)
  8 orc wizards
  Natasha (twice) (D:3)
  3 worker ants
  A worker ant zombie (D:6)
  2 gnolls (D:8)
  3 adders
  A shadow imp (D:10)
  3 adder skeletons
  3 worms (D:2)
  2 leopard geckos
  19 orcs
  2 bat zombies (Shoals:2)
  2 giant cockroaches (D:2)
  A gnoll zombie (D:9)
  6 jackals
  2 kobolds
  2 frilled lizards
  A jackal skeleton (D:5)
  A rat (D:1)
  2 plants (Shoals:4)
416 creatures vanquished.

Vanquished Creatures (others)
  Rupert (Lair:5)
  A lich (Crypt:3)
  An Orb Guardian (Zot:5)
  A deep elf blademaster (Elf:3)
  A death cob (Zot:2)
  2 shadow dragons
  A tengu reaver (Depths:4)
  2 acid blobs
  A draconian monk (Zot:2)
  A draconian knight (Zot:2)
  Aizul (Depths:2)
  A frost giant (Vaults:2)
  A reaper (Depths:1)
  A war gargoyle (Vaults:5)
  A draconian annihilator (Depths:5)
  An ironheart preserver (Vaults:5)
  2 entropy weavers
  A yellow draconian (Zot:4)
  A white draconian (Zot:2)
  A fire dragon (Depths:2)
  A great orb of eyes (Vaults:4)
  A yaktaur captain (Depths:5)
  A two-headed ogre (Vaults:4)
  2 dancing weapons
  A tengu warrior (D:13)
  A soul eater (Depths:2)
  2 deep elf knights
  A quicksilver dragon simulacrum (Depths:2)
  2 deep trolls
  A flayed ghost (Crypt:2)
  An unseen horror (D:15)
  A deep elf archer (Vaults:2)
  2 ironbrand convokers (Vaults:5)
  2 harpies (Shoals:4)
  2 wolf spiders
  A deep elf mage (Elf:2)
  A manticore (Shoals:1)
  An ugly thing (D:14)
  An apis skeleton (Depths:1)
  9 yaktaurs
  A komodo dragon (Lair:6)
  A troll (D:11)
  A slime creature (Slime:1)
  An ettin zombie (Vaults:4)
  A hippogriff (Lair:1)
  4 redbacks
  A human (D:13)
  3 yaks
  A two-headed ogre zombie (WizLab)
  2 wargs (Orc:1)
  A porcupine (D:10)
  An orc warrior (Vaults:2)
  4 ettin simulacra (Depths:2)
  An ogre (Vaults:2)
  3 bullfrogs
  2 wights
  2 orc priests
  A worm (D:9)
  2 orcs
  A kobold (D:8)
  11 fungi
  25 plants
  3 snaplasher vines
  15 tentacles (Shoals:2)
145 creatures vanquished.

Grand Total: 2928 creatures vanquished

Notes
Turn   | Place    | Note
-------+----------+-------------------------------------------
     0 | D:1      | lawnmower the Mummy Wizard began the quest for the Orb.
     0 | D:1      | Reached XP level 1. HP: 13/13 MP: 5/5
    51 | D:1      | Reached skill level 1 in Conjurations
   254 | D:1      | Reached XP level 2. HP: 20/20 MP: 5/7
   278 | D:1      | Learned a level 2 spell: Blink
   281 | D:1      | Learned a level 2 spell: Call Imp
   785 | D:1      | Reached skill level 1 in Fighting
   785 | D:1      | Reached skill level 1 in Translocations
  1168 | D:2      | Found a white marble altar of Elyvilon.
  1540 | D:2      | Reached XP level 3. HP: 26/26 MP: 1/8
  1545 | D:2      | Learned a level 3 spell: Mephitic Cloud
  1646 | D:2      | Reached skill level 1 in Summonings
  3202 | D:3      | Learned a level 3 spell: Conjure Flame
  3444 | D:3      | Reached XP level 4. HP: 32/32 MP: 7/10
  3633 | D:3      | Found a shadowy altar of Dithmenos.
  3926 | D:3      | Found a sacrificial altar of Ru.
  4188 | D:3      | Became a worshipper of Ru the Awakened
  4603 | D:4      | Reached skill level 5 in Spellcasting
  4925 | D:4      | Noticed an ogre
  4990 | D:4      | Noticed Natasha
  5002 | D:3      | Killed Natasha
  5190 | D:3      | Noticed Natasha
  5204 | D:3      | Killed Natasha
  5204 | D:3      | Reached XP level 5. HP: 37/37 MP: 5/12
  5382 | D:3      | Found a shadowy altar of Dithmenos.
  5460 | D:3      | Found a sacrificial altar of Ru.
  5625 | D:3      | Noticed Natasha
  5635 | D:3      | Killed Natasha
  5760 | D:4      | Reached skill level 1 in Air Magic
  6213 | D:4      | Noticed Eustachio
  6396 | D:3      | HP: 1/38 [orc wizard/puff of flame (10)]
  6903 | D:3      | Found a sacrificial altar of Ru.
  7053 | D:3      | Found a shadowy altar of Dithmenos.
  7797 | D:3      | Found a shadowy altar of Dithmenos.
  8368 | D:3      | Found a shadowy altar of Dithmenos.
  8698 | D:3      | Found a sacrificial altar of Ru.
 10192 | D:3      | Reached skill level 1 in Poison Magic
 10192 | D:3      | Reached XP level 6. HP: 38/44 MP: 7/14
 10452 | D:4      | Found a sparkling altar of Nemelex Xobeh.
 10805 | D:4      | Reached skill level 2 in Fighting
 11311 | D:4      | Killed Eustachio
 11879 | D:4      | Found a sparkling altar of Nemelex Xobeh.
 12175 | D:5      | Entered Level 5 of the Dungeon
 12497 | D:5      | Found a burning altar of Makhleb.
 12671 | D:5      | Identified the +4 scale mail of Qupsukh {Int-3 Dex+9}
 12718 | D:4      | Gained mutation: You are somewhat unskilled. (-1 Apt) [Ru
                  | sacrifice]
 12718 | D:4      | Reduced skill Spellcasting to level 5
 12718 | D:4      | Reduced skill Summonings to level 1
 12718 | D:4      | Reduced skill Translocations to level 1
 12718 | D:4      | Reached * piety under Ru
 12718 | D:4      | Reached ** piety under Ru
 12899 | D:5      | Found a radiant altar of Vehumet.
 12901 | D:5      | Found a staircase to the Ecumenical Temple.
 12908 | Temple   | Entered the Ecumenical Temple
 13137 | D:5      | Reached XP level 7. HP: 50/50 MP: 10/15
 13171 | D:5      | Learned a level 1 spell: Animate Skeleton
 14036 | D:6      | Found a hide-covered altar of Uskayaw.
 14364 | D:6      | Found a large runed translucent door.
 14364 | D:6      | Found a large runed translucent door.
 14364 | D:6      | Noticed Destapler's ghost (novice MfVM)
 14780 | D:5      | Learned a level 1 spell: Apportation
 14871 | D:6      | Reached skill level 1 in Necromancy
 15241 | D:6      | Gained mutation: You are missing a hand. [Ru sacrifice]
 15241 | D:6      | Reached *** piety under Ru
 15241 | D:6      | Reached **** piety under Ru
 15315 | D:7      | Found an ancient bone altar of Kikubaaqudgha.
 15899 | D:7      | Found a shattered altar of Ashenzari.
 16000 | D:7      | Reached XP level 8. HP: 54/57 MP: 8/18
 16149 | D:7      | Reached skill level 3 in Fighting
 17123 | D:7      | Found a shimmering blue altar of Sif Muna.
 17702 | D:8      | Noticed a hippogriff
 18317 | D:7      | Found a shattered altar of Ashenzari.
 18515 | D:7      | Found an ancient bone altar of Kikubaaqudgha.
 18803 | D:7      | Found a shimmering blue altar of Sif Muna.
 19089 | D:7      | Learned a level 2 spell: Poisonous Vapours
 19145 | D:8      | Gained mutation: You cannot be stealthy. [Ru sacrifice]
 19145 | D:8      | Reached ***** piety under Ru
 19674 | D:8      | Found a shimmering altar of Xom.
 19703 | D:8      | Reached skill level 4 in Fighting
 19866 | D:7      | Reached XP level 9. HP: 58/65 MP: 12/21
 19871 | D:7      | Identified a scroll of acquirement
 19872 | D:7      | Acquired a +1 pair of gloves of dexterity
 21667 | D:8      | Found a shimmering altar of Xom.
 22092 | D:9      | Reached skill level 5 in Fighting
 22402 | D:9      | Found a bloodstained altar of Trog.
 22510 | D:9      | Gained mutation: Your cowardice makes you less effective in
                  | combat with threatening monsters. [Ru sacrifice]
 22813 | D:9      | Found a runed translucent door.
 22813 | D:9      | Found a runed translucent door.
 22813 | D:9      | Noticed a two-headed ogre
 22814 | D:9      | Noticed a six-headed hydra
 22814 | D:9      | Found a runed translucent door.
 22814 | D:9      | Noticed a manticore
 22836 | D:9      | Noticed Maurice
 23257 | D:9      | Killed Maurice
 23431 | D:9      | Reached XP level 10. HP: 66/76 MP: 6/22
 23547 | D:8      | Reached skill level 6 in Fighting
 24260 | D:9      | Noticed a six-headed hydra
 24626 | D:9      | Reached skill level 5 in Dodging
 24862 | D:9      | Found a basalt altar of Yredelemnul.
 25287 | D:8      | Learned a level 3 spell: Ignite Poison
 25433 | D:9      | Killed a six-headed hydra
 25433 | D:9      | Reached skill level 1 in Transmutations
 25433 | D:9      | Reached skill level 1 in Fire Magic
 26118 | D:9      | Found a bloodstained altar of Trog.
 26244 | D:9      | Found a basalt altar of Yredelemnul.
 26847 | D:9      | Found a basalt altar of Yredelemnul.
 27004 | D:9      | Found a bloodstained altar of Trog.
 27078 | D:10     | Entered Level 10 of the Dungeon
 27441 | D:8      | Reached skill level 7 in Fighting
 27552 | D:8      | Learned a level 4 spell: Olgreb's Toxic Radiance
 27587 | D:9      | Found a runed translucent door.
 27588 | D:9      | Found a runed translucent door.
 27589 | D:9      | Found a runed translucent door.
 28055 | D:9      | Found a bloodstained altar of Trog.
 28199 | D:9      | Found a basalt altar of Yredelemnul.
 28747 | D:10     | Found a staircase to the Lair.
 28828 | D:10     | Gained mutation: You are weak. (Str -2) [Ru sacrifice]
 28828 | D:10     | Reached ****** piety under Ru
 28980 | D:10     | Reached skill level 5 in Poison Magic
 28985 | D:10     | Reached XP level 11. HP: 64/84 MP: 3/23
 29141 | D:10     | Found Cynig's Armour Boutique.
 29147 | D:10     | Bought a +1 helmet of intelligence for 198 gold pieces
 29419 | D:10     | Noticed a two-headed ogre
 29435 | D:10     | Killed a two-headed ogre
 29435 | D:10     | Reached skill level 8 in Fighting
 29902 | D:10     | Noticed a two-headed ogre
 29914 | D:10     | Killed a two-headed ogre
 30447 | D:10     | Found a staircase to the Orcish Mines.
 30508 | D:10     | Reached skill level 1 in Armour
 31518 | Lair:1   | Entered Level 1 of the Lair of Beasts
 31684 | Lair:1   | Noticed a five-headed hydra
 31689 | Lair:1   | Killed a five-headed hydra
 31948 | Lair:1   | You fall into a shaft and drop 1 floor!
 32366 | Lair:1   | Reached skill level 9 in Fighting
 33395 | Lair:1   | Reached XP level 12. HP: 86/95 MP: 17/25
 33567 | Lair:2   | Noticed a six-headed hydra
 33586 | Lair:2   | Killed a six-headed hydra
 34042 | Lair:2   | Noticed a seven-headed hydra
 34207 | Lair:2   | Killed a seven-headed hydra
 35340 | Lair:3   | Reached skill level 10 in Spellcasting
 36205 | Lair:3   | Found a staircase to the Shoals.
 36211 | Lair:3   | Reached skill level 10 in Fighting
 36217 | Lair:3   | Noticed a catoblepas
 36439 | Lair:2   | Killed a catoblepas
 37089 | Lair:3   | Got a transparent ring mail
 37109 | Lair:3   | Identified the +1 ring mail "Voluzoos" {rF+} (You found it
                  | on level 3 of the Lair of Beasts)
 37430 | Lair:3   | Reached skill level 5 in Armour
 37818 | Lair:4   | Noticed a four-headed hydra
 37828 | Lair:4   | Killed a four-headed hydra
 38545 | Lair:4   | Noticed a seven-headed hydra
 38550 | Lair:4   | Gained mutation: You are in touch with the powers of death.
                  | [Mummy growth]
 38550 | Lair:4   | Reached XP level 13. HP: 104/104 MP: 21/27
 38856 | Lair:4   | Found a hole to the Spider Nest.
 39485 | Lair:4   | Found a hole to the Spider Nest.
 40980 | Lair:5   | Learned a level 2 spell: Swiftness
 41050 | Lair:5   | Noticed Rupert
 41066 | Lair:5   | Killed Rupert
 41066 | Lair:5   | Reached skill level 11 in Fighting
 43007 | Lair:6   | Entered Level 6 of the Lair of Beasts
 43730 | Lair:5   | Reached skill level 10 in Dodging
 43808 | Lair:6   | Learned a level 4 spell: Summon Ice Beast
 44961 | Lair:6   | Reached skill level 1 in Ice Magic
 45015 | Lair:6   | Reached skill level 12 in Fighting
 48763 | Orc:1    | Entered Level 1 of the Orcish Mines
 48903 | Orc:1    | Paralysed by an orc sorcerer for 6 turns
 49212 | Orc:2    | Entered Level 2 of the Orcish Mines
 49221 | Orc:2    | Found a flickering gateway to a bazaar.
 49230 | Bazaar   | Entered a bazaar
 49309 | Bazaar   | Found Tulelud's Book Shoppe.
 49354 | Bazaar   | Found Reargha's Jewellery Shoppe.
 49390 | Bazaar   | Found Hunub's Gadget Boutique.
 49420 | Bazaar   | Found Ighiavyl's Jewellery Shoppe.
 49744 | Bazaar   | Bought the amulet of Amiro {rF+ MR+ Regen+ Int+8 SInv} for
                  | 776 gold pieces
 49838 | Orc:2    | Found a roughly hewn altar of Beogh.
 50071 | Orc:2    | Found a runed translucent gate.
 50071 | Orc:2    | Found a runed translucent gate.
 50072 | Orc:2    | Found a runed translucent gate.
 50073 | Orc:2    | Noticed Destapler's ghost (journeyman TrBe)
 50176 | Orc:2    | Reached XP level 14. HP: 82/115 MP: 28/28
 50225 | Orc:2    | Found a roughly hewn altar of Beogh.
 50439 | Orc:2    | Found Nioguc's Magic Scroll Shoppe.
 50467 | Orc:2    | Found a roughly hewn altar of Beogh.
 51280 | Orc:2    | Found a roughly hewn altar of Beogh.
 51280 | Orc:2    | Found Sarypres's Weapon Shoppe.
 51435 | Orc:2    | Found a staircase to the Elven Halls.
 51438 | Orc:2    | Found a roughly hewn altar of Beogh.
 51994 | Orc:2    | Found a roughly hewn altar of Beogh.
 51996 | Orc:2    | Found a runed translucent door.
 52476 | Orc:2    | Noticed an orc warlord
 52802 | Orc:2    | Killed an orc warlord
 53190 | Orc:2    | Found Okhulaeg's Antique Weapon Boutique.
 53191 | Orc:2    | Found a roughly hewn altar of Beogh.
 53192 | Orc:2    | Found Osusm's Antique Armour Shop.
 53364 | Orc:2    | Bought a scroll of acquirement for 624 gold pieces
 53364 | Orc:2    | Acquired 700 gold pieces
 53433 | Orc:2    | Identified the cursed +0 leather armour of Umepnom {rN+}
 53601 | Orc:2    | Found a roughly hewn altar of Beogh.
 54701 | Lair:4   | Found a hole to the Spider Nest.
 55479 | Lair:6   | Found a large runed translucent door.
 55537 | Lair:6   | Found a large runed translucent door.
 57225 | D:12     | Noticed Josephine
 57249 | D:11     | Killed Josephine
 57484 | D:12     | Noticed Azrael
 57644 | D:12     | Killed Azrael
 59921 | D:13     | Noticed Liimbo's ghost (journeyman FoWn)
 59924 | D:13     | Found a transporter.
 59926 | D:13     | Found a transporter.
 60398 | D:13     | Found a gate to the Vaults.
 60850 | D:13     | Found a shimmering altar of Xom.
 60920 | D:13     | Reached skill level 5 in Summonings
 61278 | D:13     | Found a shimmering altar of Xom.
 61576 | D:13     | Found a transporter.
 61597 | D:13     | Found a transporter.
 61670 | D:13     | Found a gate to the Vaults.
 62281 | D:14     | Found a white marble altar of Elyvilon.
 62366 | D:14     | Reached XP level 15. HP: 122/122 MP: 10/29
 62785 | D:14     | Noticed Roxanne
 63323 | D:15     | Entered Level 15 of the Dungeon
 63333 | D:15     | Reached skill level 13 in Fighting
 65407 | D:15     | Found an opulent altar of Gozag.
 65740 | D:15     | Found a staircase to the Depths.
 66054 | Spider:1 | Entered Level 1 of the Spider Nest
 66058 | Spider:1 | Reached skill level 5 in Ice Magic
 66191 | Spider:1 | Learned a level 4 spell: Petrify
 66835 | Spider:1 | Reached skill level 1 in Earth Magic
 66873 | Spider:1 | Noticed Asterion
 68035 | Lair:4   | Found a hole to the Spider Nest.
 68192 | Lair:4   | Killed Asterion
 69465 | Shoals:1 | Entered Level 1 of the Shoals
 72934 | Shoals:2 | Noticed a kraken
 72972 | Shoals:2 | Killed a kraken
 72972 | Shoals:2 | Reached XP level 16. HP: 131/131 MP: 4/31
 73299 | Shoals:3 | Got an encrusted dagger
 73351 | Shoals:3 | Identified the +8 dagger of Egomania {freeze, rN+} (You
                  | found it on level 3 of the Shoals)
 75046 | Shoals:4 | Entered Level 4 of the Shoals
 76711 | Shoals:4 | Identified the cursed +3 spear of Fee Simple {freeze,
                  | *Noise rElec MR+++ Int-5} (You found it on level 4 of the
                  | Shoals)
 77455 | Shoals:4 | Learned a level 5 spell: Lee's Rapid Deconstruction
 78346 | Shoals:3 | Reached skill level 14 in Fighting
 78599 | Shoals:4 | Got a barnacled rune of Zot
 79837 | Spider:2 | Reached skill level 5 in Earth Magic
 81085 | Spider:3 | Reached XP level 17. HP: 126/140 MP: 21/33
 81086 | Spider:3 | Noticed Agnes
 81092 | Spider:3 | Killed Agnes
 81956 | Spider:3 | Found a runed translucent door.
 82036 | Spider:3 | Noticed DildoBatman's ghost (adept FoWz)
 82256 | Spider:3 | Killed DildoBatman's ghost
 82320 | Spider:4 | Entered Level 4 of the Spider Nest
 83655 | Spider:4 | Noticed Arachne
 83656 | Spider:4 | Reached skill level 15 in Fighting
 83938 | Spider:4 | Killed Arachne
 86333 | Vaults:1 | Entered Level 1 of the Vaults
 86950 | Vaults:1 | Reached XP level 18. HP: 135/150 MP: 11/34
 88398 | Vaults:1 | Reached skill level 16 in Fighting
 89553 | D:13     | Reached skill level 15 in Dodging
 90518 | Vaults:1 | Found a hide-covered altar of Uskayaw.
 91384 | Vaults:2 | Found Noelyos's Antique Weapon Shop.
 92765 | Vaults:2 | Learned a level 5 spell: Irradiate
 93512 | Vaults:2 | Noticed a tentacled monstrosity
 94224 | Vaults:1 | Reached XP level 19. HP: 142/159 MP: 16/35
 94507 | Vaults:2 | Identified the cursed +0 scale mail of Contentment {MR++}
 94977 | Vaults:2 | Identified the ring of Finality {*Tele *Contam rC+ Int+2}
 95644 | Vaults:2 | Bought a twisted flail for 195 gold pieces
 95644 | Vaults:2 | Identified the cursed +1 flail of Terra Cotta {vorpal,
                  | rElec rC- Int+3 Dex+5} (You bought it in a shop on level 2
                  | of the Vaults)
 96921 | Vaults:2 | Found a staircase to the Crypt.
 98122 | Vaults:3 | Reached skill level 5 in Conjurations
 98609 | Vaults:3 | Found Onlup's Gadget Shop.
 99109 | Vaults:3 | Reached skill level 17 in Fighting
 99452 | Vaults:3 | You fall into a shaft and drop 1 floor!
103537 | Vaults:4 | Reached XP level 20. HP: 168/168 MP: 17/37
103814 | Vaults:4 | Reached skill level 10 in Armour
104517 | Vaults:4 | Reached skill level 5 in Transmutations
106982 | Spider:4 | Got a gossamer rune of Zot
108882 | Depths:1 | Entered Level 1 of the Depths
110661 | Elf:1    | Entered Level 1 of the Elven Halls
110665 | Elf:1    | Noticed Donald
110670 | Elf:1    | Killed Donald
111632 | Elf:1    | Found Jeletiz's Magic Scroll Boutique.
112670 | Elf:1    | Got a glittering ruby amulet
112671 | Elf:1    | Identified the amulet "Reofek" {Faith Dex+10} (You found it
                  | on level 1 of the Elven Halls)
113944 | Elf:2    | Found an ancient bone altar of Kikubaaqudgha.
114094 | Elf:2    | Found Xaatuqaq's Armour Shop.
114560 | Elf:2    | Found a runed translucent gate.
114562 | Elf:2    | Found a runed translucent gate.
114565 | Elf:2    | Found a runed translucent gate.
114857 | Elf:2    | Reached XP level 21. HP: 176/176 MP: 31/39
115507 | Elf:2    | Reached skill level 18 in Fighting
116574 | Depths:1 | Found a gateway to Hell.
117591 | Depths:1 | Reached skill level 15 in Spellcasting
118057 | Depths:1 | Found a basalt altar of Yredelemnul.
118063 | Depths:1 | Noticed a profane servitor
118071 | Depths:1 | Killed a profane servitor
120002 | Depths:2 | Found a stormy altar of Qazlal.
120832 | Depths:2 | Noticed a golden dragon
121145 | Depths:2 | Killed a golden dragon
121486 | Elf:3    | Entered Level 3 of the Elven Halls
122827 | Elf:3    | Noticed Saint Roka
122877 | Elf:3    | Killed Saint Roka
124262 | Elf:3    | Reached XP level 22. HP: 186/186 MP: 15/41
124366 | Elf:3    | Identified the +7 great sword of Evil {drain, Dex+3}
124366 | Elf:3    | Identified the ring of Understanding {+Blink rF+ Slay+3
                  | SInv}
124466 | Elf:3    | Identified the ring of Vizorutt {rElec MR+}
124848 | Elf:3    | Identified the cursed +0 war axe of the Valley of Death
                  | {holy, rPois Int+4 Dex+4}
125248 | Elf:3    | Reached skill level 19 in Fighting
125445 | Elf:3    | Got a slimy diamond amulet
125451 | Elf:3    | Identified the amulet of Nurph {Inacc Dex+3} (You found it
                  | on level 3 of the Elven Halls)
126528 | Depths:2 | Found a white marble altar of Elyvilon.
126664 | Depths:2 | Identified the +9 hand crossbow "Yfosouv" {vorpal, rPois
                  | rC+ Str+5 Int-4}
126968 | Orc:2    | Bought a scroll of enchant weapon for 90 gold pieces
126998 | Orc:2    | Killed Destapler's ghost
127263 | Elf:1    | Bought a scroll of enchant weapon for 142 gold pieces
128155 | Depths:2 | Identified the cursed +1 chain mail "Porhuozyh" {Str+10
                  | Int+4 Dex-5}
128349 | Depths:2 | Reached skill level 1 in Polearms
130016 | Depths:2 | Found a sparkling altar of Nemelex Xobeh.
130569 | Depths:2 | Found an iron altar of Okawaru.
131812 | Depths:3 | Found a one-way gate leading to the halls of Pandemonium.
132637 | Depths:3 | Noticed Aizul
132685 | Depths:2 | Killed Aizul
136138 | Depths:4 | Reached skill level 5 in Polearms
136465 | Depths:4 | Reached XP level 23. HP: 161/196 MP: 21/42
136900 | Depths:4 | Found Miseuw's Book Shop.
136922 | Depths:4 | Identified the +2 long sword of Dust {vorpal, MR+ SInv}
137282 | Depths:4 | Found Xyerau Dygyi's Antique Armour Boutique.
137282 | Depths:4 | Found Qoxtoby's Book Shop.
137344 | Depths:4 | Found Reustor's Gadget Boutique.
137361 | Depths:4 | Bought a manual of Armour for 1987 gold pieces
137364 | Depths:4 | Bought a book of Dreams for 900 gold pieces
137370 | Depths:4 | Learned a level 5 spell: Borgnjor's Vile Clutch
137978 | Depths:4 | Reached skill level 20 in Fighting
138049 | Depths:4 | Found a one-way gate to the infinite horrors of the Abyss.
138454 | Depths:4 | Found a gateway to a ziggurat.
138704 | Depths:4 | Learned a level 4 spell: Summon Lightning Spire
139040 | Depths:5 | Entered Level 5 of the Depths
139184 | Depths:5 | Acquired 310 gold pieces
139634 | Depths:5 | Noticed a caustic shrike
139651 | Depths:5 | Killed a caustic shrike
139913 | Depths:5 | Found Leluh's Magic Scroll Shop.
139926 | Depths:5 | Bought a scroll of enchant armour for 82 gold pieces
139926 | Depths:5 | Bought a scroll of magic mapping for 38 gold pieces
139926 | Depths:5 | Bought a scroll of teleportation for 33 gold pieces
139926 | Depths:5 | Bought a scroll of teleportation for 33 gold pieces
140183 | Depths:5 | Noticed a caustic shrike
140195 | Depths:5 | Noticed a caustic shrike
140195 | Depths:5 | Killed a caustic shrike
140733 | Depths:5 | Noticed a juggernaut
140790 | Depths:4 | Bought a book of Party Tricks for 900 gold pieces
140792 | Depths:4 | Learned a level 1 spell: Summon Butterflies
140795 | Depths:4 | Learned a level 2 spell: Passwall
141358 | Depths:5 | Killed a caustic shrike
141492 | Depths:5 | Killed a juggernaut
141492 | Depths:5 | Reached skill level 5 in Necromancy
142540 | Depths:5 | Found a gate to the Realm of Zot.
143089 | Crypt:1  | Entered Level 1 of the Crypt
143178 | Crypt:1  | Found a magical portal.
143197 | WizLab   | Entered Zonguldrok's Shrine
143772 | WizLab   | Noticed an antique lich
143778 | WizLab   | Killed an antique lich
143962 | WizLab   | Found the +9 sword of Zonguldrok {reap}
144555 | Crypt:1  | Reached XP level 24. HP: 43/205 MP: 10/42
145878 | Crypt:2  | Reached skill level 15 in Armour
146037 | Crypt:2  | Noticed Zoalos's ghost (veteran GrEE)
146044 | Crypt:2  | Found a transporter.
146398 | Crypt:2  | Found a transporter.
147158 | Crypt:3  | Entered Level 3 of the Crypt
148789 | Crypt:3  | Reached skill level 21 in Fighting
149059 | Crypt:3  | Found a staircase to the Tomb.
150120 | Crypt:3  | Found a staircase to the Tomb.
150516 | Vaults:5 | Entered Level 5 of the Vaults
150930 | Vaults:5 | Reached skill level 10 in Polearms
151083 | Vaults:5 | Identified the ring "Odyelogg" {rPois Str+6 Slay+2 Stlth+}
151159 | Vaults:5 | Identified the +7 morningstar of Oturch {pain, Str+4 Int+4}
152293 | Vaults:5 | Reached XP level 25. HP: 215/215 MP: 38/42
152458 | Vaults:5 | Learned a level 5 spell: Summon Forest
153371 | Vaults:5 | Identified the ring "Siurhas" {Ice Int+3 Dex+4}
153821 | Vaults:5 | Reached skill level 5 in Translocations
153936 | Vaults:5 | Got a silver rune of Zot
154964 | Vaults:5 | Identified the +1 mace of Sokuomex {vamp, rC+ MP+9 Int-2}
155115 | Vaults:5 | Identified the Catalogue of Glacial Flames
156773 | Crypt:2  | Killed Zoalos's ghost
156798 | Crypt:2  | Identified the +0 cloak of the Doldrums {MR+ Int+3} (You
                  | found it on level 2 of the Crypt)
157155 | Depths:5 | Bought a scroll of immolation for 38 gold pieces
157198 | Zot:1    | Entered Level 1 of the Realm of Zot
157218 | Zot:1    | Reached skill level 22 in Fighting
157829 | Zot:1    | Gained mutation: You are strongly in touch with the powers
                  | of death. [Mummy growth]
157829 | Zot:1    | Reached XP level 26. HP: 206/224 MP: 39/43
159945 | D:6      | Killed Destapler's ghost
160558 | Lair:6   | Found a staircase to the Slime Pits.
160609 | Slime:1  | Entered Level 1 of the Pits of Slime
161007 | Slime:4  | Noticed Dissolution
161012 | Slime:4  | Paralysed by a floating eye for 3 turns
161022 | Slime:3  | Killed Dissolution
161827 | Slime:5  | Entered Level 5 of the Pits of Slime
162707 | Slime:5  | Found a viscous altar of Jiyva.
162732 | Slime:5  | Noticed the Royal Jelly
163148 | Slime:5  | Killed the Royal Jelly
163302 | Slime:5  | Identified the +4 war axe "Awec" {antimagic, Fragile rPois
                  | MR- Dex+9} (You found it on level 5 of the Pits of Slime)
163309 | Slime:5  | Identified the Guide on the Escort and the Traveller
163338 | Slime:5  | Got a slimy rune of Zot
163357 | Slime:5  | Identified the +5 war axe of Contention {speed, Dex+8} (You
                  | found it on level 5 of the Pits of Slime)
166212 | Zot:2    | Reached XP level 27. HP: 200/233 MP: 27/44
168609 | Zot:2    | Reached skill level 23 in Fighting
172991 | Zot:4    | Reached skill level 24 in Fighting
173749 | Zot:5    | Entered Level 5 of the Realm of Zot
173938 | Zot:5    | Noticed an orb of fire
174079 | Zot:5    | Noticed an orb of fire
174093 | Zot:5    | Killed an orb of fire
174446 | Zot:5    | Killed an orb of fire
175550 | Zot:5    | Learned a level 6 spell: Shadow Creatures
175576 | Zot:5    | Reached skill level 25 in Fighting
176218 | Zot:5    | Noticed an ancient lich
176225 | Zot:5    | Killed an ancient lich
176808 | Zot:5    | Noticed an orb of fire
176829 | Zot:5    | Killed an orb of fire
177157 | Zot:5    | Noticed an ancient lich
177525 | Zot:5    | Killed an ancient lich
177860 | Zot:5    | Noticed an ancient lich
177885 | Zot:5    | Killed an ancient lich
178219 | Zot:5    | Noticed an orb of fire
178299 | Zot:5    | Killed an orb of fire
178804 | Zot:5    | Noticed an ancient lich
178813 | Zot:5    | Reached skill level 10 in Summonings
178822 | Zot:5    | Killed an ancient lich
179774 | Zot:5    | Noticed an ancient lich
180678 | Zot:5    | Noticed an ancient lich
180693 | Zot:5    | Killed an ancient lich
180802 | Zot:5    | Killed an ancient lich
180970 | Zot:5    | Reached skill level 26 in Fighting
182118 | Zot:5    | Got the Orb of Zot
182153 | Zot:5    | Noticed Vazea the pandemonium lord
182266 | Depths:5 | Noticed Pupicore the pandemonium lord
182283 | Depths:5 | Noticed Foet the pandemonium lord
182718 | D:10     | Noticed Ukoa the pandemonium lord
182797 | D:8      | Noticed Iklij the pandemonium lord
182867 | D:7      | Noticed Uluq the pandemonium lord
183033 | D:$      | Escaped with the Orb!

Illustrated notes

Levels and vault maps discovered:
D:1:      minmay_arrival_plants_in_alcoves, layout_basic
D:2:      layout_loops_corners, nicolae_overflow_crystal_walls, first_ration
D:3:      layout_basic, nicolae_ru_the_path_less_chosen,
          grunt_dithmenos_smoke_and_mirrors
D:4:      layout_gridville, nemelex_xobeh_ov_fountains_minmay,
          hangedman_feature_mirror, uniq_natasha, uniq_eustachio
D:5:      layout_loops_cross, vehumet_crystals, makhleb_blood_cavern_becter,
          minmay_temple_entry_offerings, uniq_blork_the_orc
D:6:      layout_rooms, lemuel_crystal_altar, ebering_ghost_disaster_area
D:7:      layout_loops_ring, lemuel_doored_altar, tgw_sif,
          kiku_gazebo_garden_becter, nicolae_water_bricks
D:8:      layout_loops_corners, overflow_temple_1_default
D:9:      minmay_the_grid_triangle_9x9_recursive_2
          [minmay_the_grid_triangle_9x9_prize_top_heavy,
          minmay_the_grid_triangle_9x9_fully_insulated_deathbox,
          minmay_the_grid_triangle_9x9_zippers_vertical,
          minmay_the_grid_triangle_9x9_alien], layout_loops_ring,
          lemuel_zombie_altar_yredelemnul, marbit_many_paths,
          hangedman_pestilent_swarm, minmay_misc_feat_cross,
          minmay_misc_feat_pillars, uniq_maurice
D:10:     minmay_razor_zed, layout_layer_cave, minmay_lair_entry_grove,
          orc_david_3, serial_shops, shop_fountains
D:11:     layout_roguey
D:12:     layout_basic, uniq_josephine, uniq_azrael
D:13:     layout_irregular_city, grunt_vaults_entry_tiered,
          gammafunk_ghost_arena, basic_altar, chequers_serial_rivers_micro_e,
          st_stairs_9, einodemon_barbed_minivault
D:14:     layout_basic, elyvilon_altar_3, uniq_roxanne
D:15:     grunt_enter_depths_hoard, layout_layer_cave,
          nicolae_gozag_seed_capital, dispersion_dpeg
Temple:   jpeg_temple_island
Lair:1:   layout_loops_ring, minmay_shattered_shrine
Lair:2:   layout_loops_ring
Lair:3:   layout_roguey, minmay_shoals_entry_beasts, minmay_lair_oklob_chamber,
          grunt_megastairs_3
Lair:4:   layout_roguey, spider_nest_entry_webs, beast_lair_carwin_9
Lair:5:   layout_gridlike, uniq_rupert
Lair:6:   cheibrodos_lair_end_hotspot, layout_big_grid,
          minmay_slime_entry_oklob_open, st_stairs_6
Shoals:1: layout_shoals
Shoals:2: layout_shoals, nicolae_shoals_undead_eyrie
Shoals:3: layout_shoals
Shoals:4: shoals_end_grunt_ice, layout_shoals, nicolae_shoals_water_shrine
Spider:1: layout_spider_delve, uniq_asterion
Spider:2: layout_spider_delve
Spider:3: layout_spider_delve, gammafunk_ghost_grave, drop_trap,
          nicolae_spider_cling_ruins, uniq_agnes
Spider:4: johnstein_spider_rune_arachne_lair, nicolae_spider_nook, uniq_arachne
Slime:1:  layout_caves
Slime:2:  layout_caves
Slime:3:  layout_caves
Slime:4:  layout_caves, uniq_dissolution
Slime:5
Orc:1:    layout_caves
Orc:2:    grunt_orc_community_town_hall, layout_diamond_mine,
          grunt_orc_community_big_house_2, grunt_orc_community_big_house_1,
          grunt_orc_community_house_3, grunt_orc_community_house_3,
          grunt_orc_community_house_2, grunt_orc_community_house_3,
          ebering_ghost_rock_garden, serial_shops, bzr_entry_lakeside,
          basic_altar, roderic_batcave, lightli_church_of_beogh
Elf:1:    minmay_elf_arrival_summoners, layout_loops_corners, serial_shops,
          nicolae_shop_statue_plus, kennysheep_underground_church, uniq_donald
Elf:2:    layout_geoelf_diagonals, serial_shops, shop, basic_altar
Elf:3:    elf_hall, layout_geoelf_diagonals, grunt_ministairs_5,
          nicolae_elf_glass_and_crystal_pillar_2,
          nicolae_elf_glass_and_crystal_pillar_2, uniq_saint_roka
Vaults:1: nicolae_vaults_circle_grid_a, hangedman_vaults_stretched_pinwheel,
          v_alt_pattern_6, ontoclasm_vaults_loading_screen,
          nicolae_vaults_circle_grid_a, ontoclasm_vaults_tryst, v_rooms_4,
          st_check, vaults_room_pool, vaults_dpeg_hooks, v_rooms_2,
          vaults_room_stairs_pillars, vaults_dpeg_ring, layout_vaults_ring,
          basic_altar
Vaults:2: nicolae_vaults_what_the_h, v_pattern_2, hangedman_vaults_capsules,
          hangedman_vaults_slice, hangedman_vaults_unwind,
          minmay_crypt_entry_simple_round, v_misc_5,
          dpeg_vaults_pockets_of_resistance, ontoclasm_vaults_shuriken,
          vaults_dpeg_encased_lava, vaults_room_fancy_cross,
          nicolae_vaults_ring_of_whatevers, layout_vaults_omnicross,
          serial_shops, shop
Vaults:3: nicolae_vaults_hallways_thing, vaults_room_grunt_arrival_checkpoint,
          st_smaller_cells, v_misc_16, vaults_mumra_chevron,
          nicolae_vaults_network_quincunx
          [nicolae_vaults_network_quincunx_subvault,
          nicolae_vaults_network_quincunx_subvault,
          nicolae_vaults_network_quincunx_subvault,
          nicolae_vaults_network_quincunx_subvault,
          nicolae_vaults_network_quincunx_subvault],
          nicolae_vaults_stairing_the_circle, ontoclasm_vaults_fault,
          nicolae_vaults_little_squares_2, nicolae_vaults_little_squares_4,
          v_pattern_1, vaults_room_semicircle, layout_vaults_maze_bifur,
          serial_shops, shop
Vaults:4: v_rooms_1, v_misc_25, vaults_room_semicircle, hangedman_vaults_impose,
          grunt_vaults_swirl, vaults_standard_mumra_lines,
          nicolae_vaults_little_squares_4, nicolae_vaults_little_squares_6,
          layout_vaults_quadrants
Vaults:5
Crypt:1:  layout_chaotic_city, mu_enter_wizlab_1, grunt_ministairs_14
Crypt:2:  layout_misc_corridors, gammafunk_ghost_arena
Crypt:3:  david_glass_crypt, layout_misc_corridors,
          nicolae_tomb_entry_grand_gallery
Depths:1: layout_basic, hell_entry, roderic_roman_lattice,
          serial_sigils_hangedman_leer, hangedman_blasphemy
Depths:2: grunt_profane_halls [grunt_profane_temple_geh,
          grunt_profane_temple_tar, grunt_profane_temple_dis,
          grunt_profane_temple_coc, grunt_profane_loot], hell_entry
Depths:3: kennysheep_water_balloons, layout_basic, rand_demon_pan_entry_7,
          serial_sigils_hangedman_confine, pf_hell_entry_tar_river, uniq_aizul
Depths:4: kennysheep_blocky_room, layout_gridlike, enter_ziggurat_e, hell_entry,
          eino_curves_04, abyss_entry_crystal, bh_walls_and_bars,
          minmay_shoptagon, minmay_staircase_bubble
Depths:5: evilmike_zot_entry_argh, layout_basic, roderic_nine_men_s_morris,
          pf_hell_entry_great_geh, serial_shops, shop, lemuel_nasty_fountain
Zot:1:    layout_gridville
Zot:2:    nicolae_zot_stationary_front, layout_gridlike, grunt_ministairs_13,
          zot_minivault_1
Zot:3:    layout_misc_corridors, st_stairs_10
Zot:4:    layout_concentric_octagons
Zot:5:    layout_basic

Skill      XL: |  1  2  3  4  5  6  7  8  9 10 11 12 13 14 15 16 17 18 19 20 21 22 23 24 25 26 27 |
---------------+----------------------------------------------------------------------------------+-----
Conjurations   | 1 2 3 4 6 8 |  8.0
Fighting       | 1 2 4 5 7 9 10 12 13 14 15 16 17 18 19 20 21 22 26 | 26.1
Translocations | 1 1 2 3 4 6 |  6.0
Summonings     | 1 1 2 3 5 6 7 8 11 | 11.5
Spellcasting   | 5 5 6 8 9 10 11 12 13 14 15 16 17 | 17.0
Air Magic      | 1 2 |  2.0
Poison Magic   | 1 2 4 5 |  5.0
Necromancy     | 1 2 7 8 |  8.0
Dodging        | 2 4 5 7 8 10 11 12 14 15 16 17 | 17.0
Stealth        | 0 |  0.0
Transmutations | 1 4 6 8 |  8.0
Fire Magic     | 2 3 |  3.0
Armour         | 3 5 6 7 8 9 10 12 13 14 15 16 17 | 17.1
Ice Magic      | 2 4 5 |  5.0
Earth Magic    | 2 5 7 |  7.0
Polearms       | 5 7 10 11 12 14 | 14.0

Action                   |  1- 3 |  4- 6 |  7- 9 | 10-12 | 13-15 | 16-18 | 19-21 | 22-24 | 25-27 || total
-------------------------+-------+-------+-------+-------+-------+-------+-------+-------+-------++-------
Melee: Unarmed           |     1 |       |       |       |       |       |       |       |       ||     1
       Spear             |    38 |   184 |   351 |   186 |       |       |       |       |       ||   759
       Lajatang          |       |       |    14 |       |       |       |       |       |       ||    14
       Trident           |       |       |       |   313 |  1428 |   833 |   673 |       |       ||  3247
       Broad axe         |       |       |       |       |    30 |       |       |       |       ||    30
       Demon trident     |       |       |       |       |       |       |   259 |  1619 |  1738 ||  3616
Throw: Dart              |       |    12 |    14 |       |     7 |     9 |     1 |       |       ||    43
       Boomerang         |       |       |       |     3 |     1 |     1 |     1 |       |       ||     6
       Throwing net      |       |       |       |       |     1 |       |       |       |       ||     1
       Javelin           |       |       |       |       |       |       |       |       |     1 ||     1
 Cast: Magic Dart        |   100 |    34 |    71 |    36 |       |       |       |       |       ||   241
       Call Imp          |    22 |    94 |   103 |    82 |    47 |       |       |       |       ||   348
       Blink             |       |     1 |       |       |     6 |     1 |       |     1 |    30 ||    39
       Mephitic Cloud    |       |     2 |    26 |    16 |     6 |    17 |     1 |       |       ||    68
       Animate Skeleton  |       |       |    16 |    66 |    60 |    25 |     1 |       |       ||   168
       Poisonous Vapours |       |       |    88 |   245 |   533 |   557 |   568 |   242 |    10 ||  2243
       Olgreb's Toxic Ra |       |       |       |    41 |   120 |   137 |   163 |    76 |     6 ||   543
       Conjure Flame     |       |       |       |     5 |       |       |       |       |       ||     5
       Ignite Poison     |       |       |       |     9 |     5 |   111 |   191 |    88 |     2 ||   406
       Apportation       |       |       |       |     4 |     5 |       |       |       |     1 ||    10
       Summon Ice Beast  |       |       |       |       |   307 |   241 |   133 |     3 |       ||   684
       Swiftness         |       |       |       |       |     2 |       |       |       |       ||     2
       Petrify           |       |       |       |       |       |    12 |     1 |       |       ||    13
       Lee's Rapid Decon |       |       |       |       |       |     5 |    33 |     5 |     9 ||    52
       Irradiate         |       |       |       |       |       |       |   101 |   145 |    86 ||   332
       Summon Lightning  |       |       |       |       |       |       |       |    86 |    25 ||   111
       Borgnjor's Vile C |       |       |       |       |       |       |       |    90 |   424 ||   514
       Summon Butterflie |       |       |       |       |       |       |       |     6 |       ||     6
       Summon Forest     |       |       |       |       |       |       |       |       |    10 ||    10
Invok: Sacrifice Skill   |       |     1 |       |       |       |       |       |       |       ||     1
       Sacrifice a Hand  |       |       |     1 |       |       |       |       |       |       ||     1
       Power Leap        |       |       |     2 |     4 |    13 |     8 |     5 |     7 |     6 ||    45
       Draw Out Power    |       |       |     1 |     1 |     2 |     3 |     1 |     1 |       ||     9
       Sacrifice Stealth |       |       |     1 |       |       |       |       |       |       ||     1
       Sacrifice Courage |       |       |     1 |       |       |       |       |       |       ||     1
       Sacrifice Purity  |       |       |       |     1 |       |       |       |       |       ||     1
       Apocalypse        |       |       |       |     1 |     7 |     5 |     2 |     2 |     3 ||    20
 Abil: Evoke Flight      |       |       |       |       |       |       |       |     1 |       ||     1
Evoke: Wand              |       |       |       |    10 |    12 |    16 |       |       |     1 ||    39
       Phial of floods   |       |       |       |     1 |       |     1 |       |       |       ||     2
       Lightning rod     |       |       |       |       |       |     8 |     2 |       |       ||    10
       Tin of tremorston |       |       |       |       |       |     4 |       |       |       ||     4
  Use: Scroll            |       |     7 |     7 |     6 |    12 |     6 |    14 |    37 |    26 ||   115
 Stab: Distracted        |     1 |     2 |     3 |     6 |    17 |    17 |     9 |    14 |    11 ||    80
       Sleeping          |     1 |       |       |       |       |       |       |       |       ||     1
       Confused          |       |       |     6 |     1 |       |     1 |       |     2 |       ||    10
       Invisible         |       |       |     1 |     4 |    11 |    14 |    11 |    14 |    22 ||    77
       Paralysed         |       |       |     2 |    21 |    39 |    15 |    11 |     6 |    23 ||   117
       Petrified         |       |       |       |       |       |     6 |       |       |       ||     6
Armor: Robe              |     4 |     3 |       |       |       |       |       |       |       ||     7
       Leather armour    |       |    38 |    46 |    44 |       |       |       |       |       ||   128
       Steam dragon scal |       |       |       |   108 |   514 |   505 |    25 |       |       ||  1152
       Ring mail         |       |       |       |       |     6 |       |       |       |       ||     6
       Acid dragon scale |       |       |       |       |       |       |   185 |       |       ||   185
       Fire dragon scale |       |       |       |       |       |       |   313 |   869 |   827 ||  2009
Dodge: Dodged            |    26 |   124 |   225 |   476 |  1548 |  1852 |  1037 |  1111 |   915 ||  7314
       Repelled          |       |       |       |       |       |       |     9 |    16 |       ||    25
